 Dungeon Crawl Stone Soup version 0.28.0 (webtiles) character file.

Game seed: 17124025444042214317

3111 Crownlay the Thaumaturge (level 9, -15/45 HPs)
             Began as a Gargoyle Earth Elementalist on Feb 18, 2022.
             Was a Follower of Vehumet.
             Demolished by a mana viper (18 damage)
             ... in a bailey.
             The game lasted 00:12:35 (7952 turns).

Crownlay the Thaumaturge (GrEE)                     Turns: 7952, Time: 00:12:35

Health: -15/45     AC: 10    Str: 12    XL:     9   Next: 91%
Magic:  0/23       EV: 11    Int: 20    God:    Vehumet [*.....]
Gold:   275        SH:  0    Dex: 10    Spells: 22/28 levels left

rFire   . . .      SeeInvis .   a - +0 war axe
rCold   . . .      Faith    .   (no shield)
rNeg    + . .      Spirit   .   b - +0 robe
rPois   ∞          Reflect  .   o - +2 hat
rElec   +          Harm     .   (no cloak)
rCorr   +          Rampage  .   (no gloves)
Will    .....                   (no boots)
Stlth   ++........              (no amulet)
HPRegen 0.15/turn               y - ring of resist corrosion
MPRegen 0.18/turn               (no ring)

@: attractive, hasted, very quick
A: sickness immunity, AC +6, negative energy resistance 1, electricity
resistance, torment resistance 1, petrification resistance
a: Renounce Religion


You were in a bailey.
You worshipped Vehumet.
Vehumet was aware of your devotion.
You visited 2 branches of the dungeon, and saw 8 of its levels.
You also visited: Bailey.

You collected 275 gold pieces.

Inventory:

Hand Weapons
 a - a +0 war axe (weapon)
Missiles
 c - 32 stones
 d - 7 boomerangs
Armour
 b - a +0 robe (worn)
 o - a +2 hat (worn)
Jewellery
 y - a ring of resist corrosion (left hand)
Wands
 n - a wand of iceblast (13)
 s - a wand of polymorph (6)
 v - a wand of flame (40)
Scrolls
 e - 2 scrolls of teleportation
 g - 3 scrolls of immolation
 h - a scroll of magic mapping
 j - a scroll of brand weapon {unknown}
 l - a scroll of fog {unknown}
 m - 3 scrolls of torment
 r - a scroll of vulnerability {unknown}
 z - 3 scrolls of holy word
 A - a scroll of enchant weapon {unknown}
Potions
 f - a potion of attraction
 i - 2 potions of lignification
 k - a potion of invisibility {unknown}
 p - a potion of curing
 q - a potion of berserk rage {unknown}
 u - 2 potions of ambrosia {unknown}
 w - 2 potions of heal wounds {unknown}
 x - 2 potions of magic


   Skills:
 - Level 1.5 Dodging
 - Level 2.1 Stealth
 * Level 10.3 Spellcasting
 - Level 0.7 Transmutations
 + Level 10.0 Earth Magic


You had 22 spell levels left.
You knew the following spells:

 Your Spells              Type           Power      Damage    Failure   Level
a - Sandblast             Erth           100%       2d20      1%          1
b - Passwall              Tmut/Erth      25%        N/A       1%          2
c - Stone Arrow           Conj/Erth      60%        3d10      2%          3

Your spell library contained the following spells:

 Spells                   Type           Power      Damage    Failure   Level
 Freeze                   Ice            40%        1d6       7%          1
 Petrify                  Tmut/Erth      31%        N/A       8%          4
 Ensorcelled Hibernation  Hex/Ice        20%        N/A       10%         2
 Swiftness                Air            10%        N/A       21%         3


Dungeon Overview and Level Annotations

Branches:
Dungeon (7/15)             Temple (1/1) D:5          Bailey (1/1)

Altars:
Dithmenos
Elyvilon
Gozag
Hepliaklqana
Kikubaaqudgha
Makhleb
Nemelex Xobeh
Okawaru
Sif Muna
Uskayaw
Vehumet
Wu Jian
Yredelemnul
Zin

Shops:
D:2 [


Innate Abilities, Weirdness & Mutations

You are immune to sickness and miasma.
Your stone body is resilient. (AC +6)
You are immune to poison.
You resist negative energy. (rN+)
You are resistant to electric shocks. (rElec)
You are resistant to unholy torment.
You are immune to petrification.


Message History

Aiming: Polymorph
Press: ? - help, Shift-Dir - straight line, f/p - orc knight
Aim: an orc knight, wielding a +0 broad axe and wearing a +0 scale mail (moderately wounded, will become a mana viper, an alligator, or a salamander, chance to affect: 31%)
The orc knight evaporates and reforms as a mana viper!
The mana viper bites you!
You feel your power leaking away. The mana viper bites you!
You feel your power leaking away.
You feel yourself speed up. The mana viper closely misses you.
Things that are here:
a +0 hand axe; a +0 leather armour
Items here: )) [[.
There is an open door, spattered with blood here.
Items here: )) [[ †.
Press: ? - help, v - describe, . - travel
Here: a mana viper The floor.
It was a potion of attraction.
You feel attractive to monsters.
It was a potion of curing.
You feel better.
The mana viper bites you but does no damage.
It was a potion of magic.
Magic courses through your body. The mana viper bites you!
* * * LOW HITPOINT WARNING * * *
You feel your power leaking away.
You are too injured to fight recklessly!
Casting: Stone Arrow (dangerous; 2% risk of failure)
Confirm with . or Enter, or press ? or * to list all spells.
Aiming: Sandblast (safe; 1% risk of failure)
Press: ? - help, Shift-Dir - straight line, f/p - mana viper
Aim: a mana viper (76% to hit)
The blast of sand hits the mana viper.
The mana viper is lightly wounded.
The mana viper bites you!
* * * LOW HITPOINT WARNING * * *
You feel your power leaking away.
As you read the scroll labelled POERGH UCWA, it crumbles to dust.
You feel aware of your surroundings.
You sensed 1 shop/portal.
It was a scroll of magic mapping.
The mana viper bites you!!
You die...

♣♣....∩.....♣ ♣♣.........♣♣
♣.....∩.....♣ ♣♣........♣♣♣
♣.........♣ ♣♣##'''##♣♣
##.....## #.......#
##.....@.## #......S..#
##.........##
******#.....⌠.....#######
**,,,,,##.........##.....##
*,,,,,,,+.........))......#
**,,,,,,,##.......##)......##
*,,,,,,,,,#.......#.).......#
*,,,,,,,,,##.....##.........##


You could see a mana viper.

Vanquished Creatures
  Pikel (D:4)
  Grinder (D:3)
  Eustachio (D:4)
  A wyvern (D:7)
  A water moccasin (D:5)
  Pargi (D:3)
  3 black bears
  2 ogres
  2 orc warriors (Bailey)
  3 phantoms
  A centaur (D:7)
  Blork the orc (D:6)
  A bullfrog (D:6)
  2 scorpions
  A water moccasin zombie (D:5)
  A wyvern skeleton (D:6)
  2 howler monkeys (D:5)
  3 jellies
  A centaur zombie (D:5)
  A hound (D:6)
  5 iguanas
  Ijyb (D:3)
  A bullfrog skeleton (D:4)
  An orc wizard (D:7)
  4 howler monkey zombies
  A howler monkey skeleton (D:5)
  4 adders
  5 gnolls
  3 worms
  An adder skeleton (D:2)
  A dart slug (D:2)
  11 orcs
  3 bats
  15 endoplasms
  A giant cockroach (D:2)
  13 goblins
  6 hobgoblins
  4 jackals (D:2)
  18 kobolds
  2 quokkas
  3 ball pythons (D:1)
  A frilled lizard (D:2)
  7 rats
141 creatures vanquished.

Vanquished Creatures (others)
  A fungus (D:2)
  A plant (D:4)
  12 toadstools (D:2)
  4 withered plants (D:2)
18 creatures vanquished.

Grand Total: 159 creatures vanquished

Notes
Turn   | Place    | Note
-------+----------+-------------------------------------------
     0 | D:1      | Crownlay the Gargoyle Earth Elementalist began the quest
                  | for the Orb.
     0 | D:1      | Reached XP level 1. HP: 10/10 MP: 3/3
    73 | D:1      | Reached XP level 2. HP: 1/15 MP: 3/5
  1434 | D:2      | Reached XP level 3. HP: 15/19 MP: 7/7
  1437 | D:2      | Learned a level 2 spell: Passwall
  1441 | D:2      | Learned a level 3 spell: Stone Arrow
  1794 | D:2      | Found Pepn's Antique Armour Boutique.
  1842 | D:2      | Found a basalt altar of Yredelemnul.
  1865 | D:2      | Noticed a black bear
  1881 | D:2      | Killed a black bear
  1882 | D:2      | Reached XP level 4. HP: 1/24 MP: 0/10
  1882 | D:2      | Reached XP level 5. HP: 2/28 MP: 0/11
  2366 | D:2      | Reached skill level 5 in Earth Magic
  2793 | D:2      | Found a faded altar of an unknown god.
  2968 | D:3      | Noticed Grinder
  2976 | D:3      | Paralysed by Grinder for 2 turns
  2988 | D:3      | Killed Grinder
  2989 | D:3      | Reached skill level 5 in Spellcasting
  2989 | D:3      | Reached XP level 6. HP: 32/32 MP: 4/14
  3618 | D:3      | Noticed Pargi
  3622 | D:3      | Killed Pargi
  3623 | D:3      | Reached XP level 7. HP: 34/36 MP: 11/15
  3878 | D:3      | Noticed Ijyb
  3887 | D:3      | Killed Ijyb
  4707 | D:4      | Noticed Pikel
  4707 | D:4      | Noticed Eustachio
  4737 | D:4      | Killed Pikel
  4738 | D:4      | Reached XP level 8. HP: 5/41 MP: 2/19
  5058 | D:4      | Killed Eustachio
  6017 | D:5      | Entered Level 5 of the Dungeon
  6105 | D:5      | Found a staircase to the Ecumenical Temple.
  6120 | Temple   | Entered the Ecumenical Temple
  6186 | Temple   | Became a worshipper of Vehumet
  6417 | D:5      | Reached XP level 9. HP: 44/45 MP: 19/21
  6986 | D:6      | Noticed Blork the orc
  6989 | D:6      | Killed Blork the orc
  7100 | D:6      | Reached * piety under Vehumet
  7100 | D:6      | Offered knowledge of Freeze by Vehumet.
  7134 | D:6      | Found a shadowy altar of Dithmenos.
  7676 | D:7      | Reached skill level 10 in Spellcasting
  7737 | D:7      | Found a flagged portal.
  7770 | Bailey   | Entered a bailey
  7923 | Bailey   | Noticed an orc knight
  7926 | Bailey   | Reached skill level 10 in Earth Magic
  7936 | Bailey   | Noticed a mana viper
  7936 | Bailey   | an orc knight changed into a mana viper
  7952 | Bailey   | Demolished by a mana viper

Illustrated notes

Levels and vault maps discovered:
D:1:      saegor_arrival_miasma, layout_loops_ring, dk_noncrumbling_2,
          minmay_tetromino_l4
D:2:      cheibrodos_fertilizer, layout_rooms,
          ebering_ecumenical_altar_petrified, serial_shops, shop, basic_altar
D:3:      layout_basic, uniq_ijyb, uniq_grinder, uniq_pargi
D:4:      layout_basic, serial_shops, shop_statue, corexii_shack, uniq_pikel,
          uniq_eustachio
D:5:      layout_loops_cross, minmay_temple_entry_large_hall
D:6:      layout_basic, nicolae_dithmenos_shadow_blocks,
          minmay_stone_trees_small, uniq_blork_the_orc
D:7:      layout_gridville, kennysheep_mini, enter_bailey_5,
          minmay_misc_feat_columns, kennysheep_potato, uniq_harold,
          uniq_prince_ribbit1
Temple:   cyrus_circular_temple
Bailey:   bailey_axe_minmay_hex_keep, bailey

Skill      XL: |  1  2  3  4  5  6  7  8  9 |
---------------+----------------------------+-----
Earth Magic    | 4 5 6 7 8 10 | 10.0
Spellcasting   | 4 5 7 8 10 | 10.3
Dodging        | |  1.5
Stealth        | |  2.1
Transmutations | |  0.7

Action                   |  1- 3 |  4- 6 |  7- 9 || total
-------------------------+-------+-------+-------++-------
Melee: Unarmed           |     6 |       |       ||     6
       Club              |     6 |       |       ||     6
       War axe           |    48 |    83 |    88 ||   219
       Whip              |    11 |       |       ||    11
       Punch             |       |       |     3 ||     3
 Cast: Sandblast         |    17 |    21 |   109 ||   147
       Stone Arrow       |       |       |    16 ||    16
Evoke: Wand              |       |       |     1 ||     1
  Use: Scroll            |       |     2 |     4 ||     6
       Potion            |       |       |     4 ||     4
 Stab: Sleeping          |     3 |     4 |     3 ||    10
Armor: Robe              |    37 |    35 |    54 ||   126
Dodge: Dodged            |    61 |    60 |    72 ||   193
